 Dungeon Crawl Stone Soup version 0.30-a0-800-g7c544603b3 (webtiles) character file.

Game seed: 7327460334799107904

4 jlumianski the Trooper (level 1, 0/18 HPs)
             Began as a Demonspawn Fighter on Feb 21, 2023.
             Slain by a hobgoblin (3 damage)
             ... on level 2 of the Dungeon.
             The game lasted 00:01:06 (143 turns).

jlumianski the Trooper (Demonspawn Fighter)          Turns: 143, Time: 00:01:06

Health: 0/18       AC:  6    Str: 16    XL:     1   Next: 58%
Magic:  1/1        EV:  5    Int:  9    God:
Gold:   30         SH:  4    Dex: 12    Spells: 0/0 levels left

rFire   . . .      SeeInvis .    a - +0 war axe
rCold   . . .      Faith    .    c - +0 buckler
rNeg    . . .      Spirit   .    b - +0 scale mail
rPois   .          Reflect  .    (no helmet)
rElec   .          Harm     .    (no cloak)
rCorr   .          Rampage  .    (no gloves)
Will    .....                    (no boots) Stlth
                                 (no amulet)
HPRegen 0.23/turn                (no ring)
MPRegen 0.07/turn                (no ring)

@: constricted
A: no striking features
a: no special abilities


You were on level 2 of the Dungeon.
You visited 1 branch of the dungeon, and saw 2 of its levels.

You collected 30 gold pieces.

Inventory:

Hand Weapons
 a - a +0 war axe (weapon)
Missiles
 e - 4 stones (quivered)
Armour
 b - a +0 scale mail (worn)
 c - a +0 buckler (worn)
Potions
 d - a potion of might
 f - a potion of berserk rage {unknown}
 g - a potion of haste {unknown}


   Skills:
 + Level 3.0 Fighting
 + Level 1.8 Axes
 + Level 2.7 Armour
 + Level 2.8 Shields


You couldn't memorise any spells.
You didn't know any spells.
Your spell library was empty.

Dungeon Overview and Level Annotations

Branches:
Dungeon (2/15)

Altars:


Message History

An endoplasm comes into view.
Found 16 gold pieces.
The endoplasm quivers.
You see here a fuming golden potion.
g - a fuming golden potion You slash the endoplasm!
You kill the endoplasm!
You see here a +0 robe.
You now have 30 gold pieces (gained 16).
You open the door.
There is an open door here.
Found a stone staircase leading down.
There is a stone staircase leading down here.
There is a stone staircase leading down here.
You climb downwards.
Found 11 gold pieces.
There is a stone staircase leading up here.
The ball python barely misses you. The ball python grabs you.
You stop ascending the stairs.
The ball python constricts you.
You closely miss the ball python. You hit the worm.
You block the ball python's attack. The ball python constricts you.
The worm bites you.
The ball python bites you but does no damage.
The ball python constricts you.
You closely miss the ball python. You hit the worm but do no damage.
The ball python bites you but does no damage.
The ball python constricts you. The worm bites you!
The ball python bites you but does no damage.
The ball python constricts you.
You hit the ball python.
The ball python is severely wounded.
You hit the worm. The ball python barely misses you.
The ball python constricts you. The worm bites you.
* * * LOW HITPOINT WARNING * * *
You barely miss the ball python.
The ball python is severely wounded.
You barely miss the worm. You hit the hobgoblin. The ball python bites you.
* * * LOW HITPOINT WARNING * * *
The ball python constricts you. The hobgoblin hits you.
You die...

.. #. . .###.
#. .... #..
...#### #...
..... # .
#....♣...♣.#...
#.......w......
♣..g@S..♣
#...........#
####.♣$..♣.## #
..... # ....###
#.#### #. #.


You could see a worm, a hobgoblin and a ball python.

Vanquished Creatures
  An endoplasm (D:1)
  A hobgoblin (D:1)
  A quokka (D:1)
  A rat (D:1)
4 creatures vanquished.

Notes
Turn   | Place    | Note
-------+----------+-------------------------------------------
     0 | D:1      | jlumianski the Demonspawn Fighter began the quest for the
                  | Orb.
     0 | D:1      | Reached XP level 1. HP: 18/18 MP: 1/1
   143 | D:2      | Slain by a hobgoblin

Illustrated notes

Levels and vault maps discovered:
D:1:      lightli_arrival_noodles, layout_basic, st_stairs_6,
          nicolae_concentric_dashed_squares_wild, minmay_hedge_maze
D:2:      layout_basic, grunt_ministairs_2, st_stairs_10,
          lexackson_kobold_supper, uniq_jessica, uniq_robin

Action                     || total
---------------------------++-------
  Melee: War axe           ||    17
 Armour: Scale mail        ||     6
  Dodge: Dodged            ||     8
  Block: Buckler           ||     4

Table legend: (Time is in decaauts)
 A = Elapsed time spent in this place.
 B = Non-inter-level travel time spent in this place.
 C = Inter-level travel time spent in this place.
 D = Time resting spent in this place.
 E = Time spent auto-exploring this place.
 F = Levels seen in this place.
 G = Mean time per level.
                   A        B        C        D        E       F      G
               +--------+--------+--------+--------+--------+-----+--------+
         Total |    150 |    150 |      0 |      0 |     71 |   2 |   75.0 |
       Dungeon |    150 |    150 |      0 |      0 |     71 |   2 |   75.0 |
               +--------+--------+--------+--------+--------+-----+--------+

Top non-repeatable levels by time:
     D:1: 144 daAuts
     D:2: 6 daAuts
